 Dungeon Crawl Stone Soup version 0.19-a0-1856-g32653aa (webtiles) character file.

835 JeffiDaFish the Sneak (level 7, -5/52 HPs)
             Began as a Vampire Enchanter on Oct 11, 2016.
             Killed from afar by tyvek's ghost (7 damage)
             ... with a bolt of negative energy
             ... on level 5 of the Dungeon.
             The game lasted 00:15:54 (4689 turns).

JeffiDaFish the Sneak (Vampire Enchanter)           Turns: 4689, Time: 00:15:55

Health: -5/52      AC: 13    Str:  9    XL:     7   Next: 66%
Magic:  6/12       EV: 13    Int: 18    God:
Gold:   185        SH:  4    Dex: 14    Spells: 3 memorised, 6 levels left

rFire  . . .     SeeInvis +     f - +2 dagger (protect)
rCold  + . .     Gourm    .     b - +1 robe
rNeg   + + .     Faith    .     (no shield)
rPois  +         Spirit   .     (no helmet)
rElec  .         Dismiss  .     e - +1 cloak
rCorr  .         Reflect  .     i - +0 pair of gloves
MR     .....     Harm     .     (no boots)
Stlth  ++++......               (no amulet)
                                (no ring)
                                (no ring)

@: protection aura, regenerating slowly, drained
A: fangs 3, large bone plates 1, see invisible, unbreathing
a: Bat Form


You were on level 5 of the Dungeon.
You were thirsty.

You visited 2 branches of the dungeon, and saw 6 of its levels.

You collected 185 gold pieces.

Inventory:

Hand Weapons
 a - a +1 dagger
 f - a +2 dagger of protection (weapon)
Armour
 b - a +1 robe (worn)
 e - a +1 cloak (worn)
 i - a +0 pair of gloves (worn)
Scrolls
 g - 5 scrolls of identify
Potions
 d - 28 potions of blood
 k - a potion of mutation
Books
 c - a book of Maledictions

   Spells                             Type                      Level
   a - Corona                         Hexes                        1
   b - Ensorcelled Hibernation        Hexes/Ice                    2
   c - Confuse                        Hexes                        3
   d - Tukima's Dance                 Hexes                        3
   e - Dazzling Spray                 Conjuration/Hexes            3


   Skills:
 * Level 3.1(2.1) Fighting
 + Level 3.4(2.3) Short Blades
 + Level 3.8(2.7) Dodging
 + Level 6.6(5.4) Stealth
 + Level 3.4(2.4) Spellcasting
 + Level 6.5(5.3) Hexes
 + Level 2.8(1.8) Ice Magic


You had 6 spell levels left.
You knew the following spells:

 Your Spells              Type           Power        Failure   Level  Hunger
a - Corona                Hex            ###....      1%          1    #......
b - Ensorcelled Hibernat  Hex/Ice        ###...       8%          2    ##.....
c - Confuse               Hex            ###.....     10%         3    ###....


Dungeon Overview and Level Annotations

Branches:
Dungeon (5/15)             Temple (1/1) D:4

Altars:
Ashenzari
Cheibriados
Dithmenos
Fedhas
Gozag
Makhleb
Nemelex Xobeh
Okawaru
Ru
Sif Muna
Trog
Uskayaw
Vehumet
Xom
Yredelemnul
Zin
The Shining One

Shops:
D:5 %

Annotations:
D:5 tyvek's ghost, novice DrTm


Innate Abilities, Weirdness & Mutations

You heal slowly.
You have razor-sharp teeth.
You have supernaturally acute eyesight. (SInv)
You can survive without breathing.
You are partially covered in large bone plates. (SH +4)


Message History

Tyvek's ghost is heavily damaged.
You catch the helpless tyvek's ghost completely off-guard!
You puncture tyvek's ghost!
You bite tyvek's ghost, but do no damage.
Tyvek's ghost is almost destroyed.
Tyvek's ghost hits you but does no damage.
You hit tyvek's ghost.
Tyvek's ghost is almost destroyed.
You barely miss tyvek's ghost.
Tyvek's ghost is almost destroyed.
You hit tyvek's ghost but do no damage.
Tyvek's ghost is almost destroyed.
You hit tyvek's ghost but do no damage.
Tyvek's ghost is almost destroyed.
You barely miss tyvek's ghost.
Tyvek's ghost is almost destroyed.
Tyvek's ghost seems less confused.
Tyvek's ghost breathes negative energy at you.
The bolt of negative energy hits you! You partially resist.
You feel drained.
You die...

...'............#....#....#
...#..).....>........#....#
...#....(............#....#
...#.................#....#
################....##...#######
#...##.####....##.........##
#...............#.........<#
#..........W....#...)......#
#..........@....#..........#
#...............#...)......#
.#...............'........).#
..'.....†.........#..........#
.##.##...###...##########.#### #
#...# #...# ### #............
#.............. #...............


You could see tyvek's ghost.

Vanquished Creatures
  The ghost of dolemite99 the Cutter, an amateur DgWn (D:4)
  Edmund (D:4)
  An ogre (D:4)
  A scorpion (D:4)
  3 orc wizards
  2 iguanas (D:4)
  A worker ant (D:4)
  Robin (D:4)
  4 gnolls
  7 adders
  A worm (D:2)
  2 dart slugs
  5 leopard geckos
  9 orcs
  6 giant cockroaches
  14 goblins
  6 hobgoblins
  13 jackals
  4 kobolds
  8 quokkas
  8 bats
  6 frilled lizards
  5 rats
109 creatures vanquished.

Notes
Turn   | Place    | Note
-------+----------+-------------------------------------------
     0 | D:1      | JeffiDaFish the Vampire Enchanter began the quest for the Orb.
     0 | D:1      | Reached XP level 1. HP: 13/13 MP: 3/3
   669 | D:1      | Reached XP level 2. HP: 17/19 MP: 5/5
   677 | D:1      | Learned a level 2 spell: Ensorcelled Hibernation
  1108 | D:1      | Reached skill level 5 in Stealth
  1108 | D:1      | Reached XP level 3. HP: 20/24 MP: 6/6
  1292 | D:1      | Reached skill level 5 in Hexes
  1318 | D:1      | Learned a level 3 spell: Confuse
  1926 | D:2      | Reached skill level 1 in Fighting
  2157 | D:3      | Reached XP level 4. HP: 32/32 MP: 7/7
  2193 | D:3      | Reached skill level 1 in Ice Magic
  2527 | D:3      | Gained mutation: Your magical capacity is low. (-10% MP) [potion of mutation]
  2527 | D:3      | Lost mutation: Your magical capacity is low. (-10% MP) [potion of mutation]
  2527 | D:3      | Gained mutation: You are partially covered in large bone plates. (SH +4) [potion of mutation]
  2935 | D:4      | Found a shadowy altar of Dithmenos.
  2980 | D:4      | Reached XP level 5. HP: 28/37 MP: 8/8
  3151 | D:4      | Noticed dolemite99's ghost (amateur DgWn)
  3250 | D:4      | Killed dolemite99's ghost
  3250 | D:4      | Reached XP level 6. HP: 11/46 MP: 2/10
  3489 | D:4      | Found a staircase to the Ecumenical Temple.
  3504 | Temple   | Entered the Ecumenical Temple
  3871 | D:4      | Noticed Robin
  3887 | D:4      | Reached XP level 7. HP: 48/51 MP: 11/11
  3900 | D:4      | Noticed Edmund
  3901 | D:4      | Killed Robin
  3950 | D:4      | Killed Edmund
  4252 | D:5      | Entered Level 5 of the Dungeon
  4252 | D:5      | Noticed tyvek's ghost (novice DrTm)
  4572 | D:5      | Found Beghot's Food Shop.
  4673 | D:5      | HP: 1/52 [tyvek's ghost/bolt of negative energy (15)]
  4689 | D:5      | Killed from afar by tyvek's ghost

Vault maps used:
D:1:      lightli_arrival_boilingwater, corexii_item_surrounded_by_moat
D:2:      minmay_tetromino_o2
D:4:      lemuel_crystal_altar, uniq_robin, uniq_edmund
D:5:      first_bread, serial_shops, nicolae_shop_stone,
          brannock_xom_greatest_gift
Temple:   regret_index_temple_sphere_string

Skill      XL: |  1  2  3  4  5  6  7 |
---------------+----------------------+-----
Stealth        | 5 6 |  6.6
Hexes          | 5 6 |  6.5
Fighting       | 1 2 3 |  3.1
Ice Magic      | 1 2 |  2.8
Short Blades   | 2 3 |  3.4
Dodging        | 3 |  3.8
Spellcasting   | 3 |  3.4

Action                   |  1- 3 |  4- 6 |  7- 9 || total
-------------------------+-------+-------+-------++-------
Melee: Dagger            |   163 |   262 |   145 ||   570
       Bite              |     5 |    33 |     8 ||    46
 Cast: Ensorcelled Hiber |     1 |    11 |    11 ||    23
       Confuse           |       |     3 |     5 ||     8
  Use: Potion            |    11 |    14 |     2 ||    27
       Scroll            |     2 |     1 |       ||     3
 Stab: Sleeping          |    12 |    13 |    10 ||    35
       Confused          |       |       |     3 ||     3
Armor: Robe              |    51 |    65 |    31 ||   147
Dodge: Dodged            |   126 |   113 |    59 ||   298
Block: Other             |       |    18 |    13 ||    31
